 Dungeon Crawl Stone Soup version 0.24-a0-139-geb6712d24a (webtiles) character file.

Game seed: 14710136047409818730

21 EnegeticOcto the Ruffian (level 2, 27/27 HPs)
             Began as a Ghoul Berserker on Mar 3, 2019.
             Was a Follower of Trog.
             Quit the game on level 1 of the Dungeon.
             The game lasted 00:00:34 (596 turns).

EnegeticOcto the Ruffian (Ghoul Berserker)           Turns: 596, Time: 00:00:35

Health: 27/27      AC:  2    Str: 19    XL:     2   Next: 87%
Magic:  1/1        EV: 12    Int:  3    God:    Trog [*.....]
Gold:   29         SH:  0    Dex:  8    Spells: 1/1 levels left

rFire    . . .     SeeInvis .     - Unarmed
rCold    + . .     Gourm    .   (no shield)
rNeg     + + +     Faith    .   a - +0 animal skin
rPois    ∞         Spirit   .   (no helmet)
rElec    .         Reflect  .   (no cloak)
rCorr    .         Harm     .   (no gloves)
MR       .....                  (no boots)
Stlth    +.........             (no amulet)
HPRegen  0.09/turn              (no ring)
MPRegen  0.07/turn              (no ring)

@: rotting
A: rotting body, claws 1, carnivore, cold resistance 1, negative energy
resistance 3, inhibited regeneration, torment resistance, unbreathing
a: Renounce Religion


You were on level 1 of the Dungeon.
You worshipped Trog.
Trog was aware of your devotion.
You were not hungry.

You visited 1 branch of the dungeon, and saw 1 of its levels.

You collected 29 gold pieces.

Inventory:

Armour
 a - a +0 animal skin (worn)
 c - a +0 pair of gloves
Scrolls
 b - a scroll of enchant weapon {unknown}
 f - 2 scrolls of identify {unknown}
Comestibles
 d - 4 chunks of flesh
 e - 2 rations


   Skills:
 + Level 3.6 Fighting
 - Level 1.7 Armour
 - Level 1.7 Dodging
 * Level 4.1 Unarmed Combat


You had one spell level left.
You didn't know any spells.
Your spell library was empty.

Dungeon Overview and Level Annotations

Branches:
Dungeon (1/15)

Altars:


Innate Abilities, Weirdness & Mutations

Your body is rotting away.
You thrive on raw meat.
You are immune to poison.
You have sharp fingernails.
You are carnivorous and can eat meat at any time.
Your flesh is cold resistant. (rC+)
You are immune to negative energy. (rN+++)
You do not regenerate when monsters are visible.
You are immune to unholy pain and torment.
You can survive without breathing.


Message History

You see here a bat skeleton. x2
A dart slug comes into view.
A dart slug is nearby!
A dart slug is nearby!
The dart slug bites you.
You scratch the dart slug.
The dart slug is lightly wounded.
You scratch the dart slug.
The dart slug is moderately wounded.
The dart slug launches a dart at you. The slug dart misses you.
You claw the dart slug!
You kill the dart slug!
Trog accepts your kill.
No target in view!
No target in view!
No target in view!
No target in view!
No target in view!
Are you sure you want to abandon this character and quit the game? (Confirm with "yes".)

#.# #.# #. ##'## #.
##...## #. ##.....##
#.# ##..[....## #..###
#.........####....#
'.........+.....#.#####
#.........# #.$@.....#
##.......## #...####.#
###.....## #.#.# #÷# #
##...## #.#.## #.# #
##'## # #..# #.# # #.#
##.# #.# # #.# ######
#.# #.# #
##.###...##.##.###.#
##...##...##........#


There were no monsters in sight!

Vanquished Creatures
  2 dart slugs (D:1)
  A leopard gecko (D:1)
  2 bats (D:1)
  A giant cockroach (D:1)
  2 goblins (D:1)
  3 frilled lizards (D:1)
  5 kobolds (D:1)
  2 rats (D:1)
18 creatures vanquished.

Notes
Turn   | Place    | Note
-------+----------+-------------------------------------------
     0 | D:1      | EnegeticOcto the Ghoul Berserker began the quest for the
                  | Orb.
     0 | D:1      | Reached XP level 1. HP: 19/19 MP: 0/0
   150 | D:1      | Reached XP level 2. HP: 16/26 MP: 1/1
   512 | D:1      | Reached skill level 4 in Unarmed Combat
   596 | D:1      | Quit the game

Levels and vault maps discovered:
D:1:      dpeg_arrival_water_altar, layout_loops_corners

Skill      XL: |  1  2 |
---------------+-------+-----
Unarmed Combat | 4 |  4.1
Fighting       | |  3.6
Armour         | |  1.7
Dodging        | |  1.7

Action                   || total
-------------------------++-------
Melee: Unarmed           ||    52
       Punch             ||     1
  Eat: Chunk             ||     1
Armor: Animal skin       ||    13
Dodge: Dodged            ||    40

Table legend:
 A = Non-vault XP
 B = Vault XP
 C = Vault XP percentage of total XP
 D = Non-vault monster count
 E = Vault monster count
 F = Vault count percentage of total count
                 A         B        C        D         E       F
            +---------+---------+-------+---------+---------+-------
      Total |      31 |       0 |   0.0 |      18 |       0 |   0.0
            +---------+---------+-------+---------+---------+-------
        D:1 |      31 |       0 |   0.0 |      18 |       0 |   0.0
            +---------+---------+-------+---------+---------+-------
